 Dungeon Crawl Stone Soup version 0.29-a0-925-g0a7a3d12f8 (webtiles) character file.

Game seed: 4465552038204361052

6 LynnLen the Caller (level 1, 0/7 HPs)
             Began as a Felid Summoner on July 28, 2022.
             Slain by a kobold
             ... wielding a +0 dagger
              (1 damage)
             ... on level 1 of the Dungeon.
             The game lasted 00:01:23 (257 turns).

LynnLen the Caller (Felid Summoner)                  Turns: 257, Time: 00:01:24

Health: 0/7        AC:  1    Str:  4    XL:     1   Next: 75%
Magic:  0/4        EV: 17    Int: 16    God:
Gold:   0          SH:  0    Dex: 16    Spells: 3/4 levels left
                                        Lives:  0   Deaths: 0

rFire   . . .      SeeInvis +   (weapon unavailable)
rCold   . . .      Faith    .   (shield unavailable)
rNeg    . . .      Spirit   .   (body armour unavailable)
rPois   .          Reflect  .   (helmet unavailable)
rElec   .          Harm     .   (cloak unavailable)
rCorr   .          Rampage  .   (gloves unavailable)
Will    .....                   (boots unavailable)
Stlth   ++........              (no amulet)
HPRegen 0.02/turn               (no ring)
MPRegen 0.09/turn               (no ring)

@: quick
A: very small, claws 1, fangs 3, see invisible, speed 1, shaggy fur 1, stealthy
paws, no weapons or thrown items, no armour, multi-lived
a: no special abilities


You were on level 1 of the Dungeon.
You visited 1 branch of the dungeon, and saw 1 of its levels.

Inventory:

Potions
 a - a potion of magic
 b - a potion of curing {unknown}


   Skills:
 + Level 2.7 Dodging
 + Level 2.7 Stealth
 * Level 2.2 Spellcasting
 + Level 4.1 Summonings


You had 3 spell levels left.
You knew the following spells:

 Your Spells              Type           Power      Damage    Failure   Level
a - Summon Small Mammal   Summ           60%        N/A       3%          1

Your spell library contained the following spells:

 Spells                   Type           Power      Damage    Failure   Level
 Call Imp                 Summ           15%        N/A       5%          2
 Call Canine Familiar     Summ           15%        N/A       11%         3
 Summon Guardian Golem    Hex/Summ       8%         N/A       26%         3
 Summon Lightning Spire   Summ/Air       8%         N/A       65%         4


Dungeon Overview and Level Annotations

Branches:
Dungeon (1/15)

Altars:


Innate Abilities, Weirdness & Mutations

You have sharp claws.
You have razor-sharp teeth.
You have supernaturally acute eyesight. (SInv)
You cover ground quickly. (Speed+)
You are covered in fur. (AC +1)
Your paws help you pounce on unaware monsters.
You are incapable of wielding weapons or throwing items.
You cannot wear armour.
You gain extra lives every three experience levels.


Message History

You scratch the hobgoblin but do no damage.
The bat closely misses your quokka. The bat barely misses your quokka.
Your bat closely misses the hobgoblin.
The bat closely misses your quokka.
Your quokka closely misses the hobgoblin.
The hobgoblin closely misses you.
Your bat closely misses the hobgoblin.
You scratch the hobgoblin but do no damage.
The bat closely misses your quokka.
Your bat hits the hobgoblin. The bat closely misses your quokka.
Your quokka bites the hobgoblin but does no damage.
The bat completely misses your quokka. The kobold hits you with a +0 dagger.
The hobgoblin completely misses you.
Unknown command.
Unknown command.
The bat hits your quokka but does no damage.
Your bat closely misses the hobgoblin.
The bat barely misses your quokka.
Your quokka closely misses the hobgoblin.
The hobgoblin hits your bat.
Your bat dies!
Your bat's corpse disappears in a puff of smoke!
The kobold throws a stone.
The stone barely misses you. The bat misses your quokka.
You see here a frilled lizard corpse.
Your quokka bites the hobgoblin.
You don't have enough magic to cast this spell.
You don't have enough magic to cast this spell.
You closely miss the hobgoblin. Your claw misses the hobgoblin.
The hobgoblin is moderately wounded.
The bat completely misses you. The hobgoblin misses you.
Your quokka bites the hobgoblin but does no damage.
You scratch the hobgoblin.
You kill the hobgoblin!
Your quokka bites the bat.
The kobold hits you with a +0 dagger.
* * * LOW HITPOINT WARNING * * *
The bat barely misses you.
You scratch the bat but do no damage.
The bat is severely wounded.
The bat barely misses you. The bat misses your quokka.
Your quokka barely misses the bat.
The hobgoblin closely misses you. The kobold hits you with a +0 dagger.
You die...

..## #........ ...#
#....... ...# ....
#...... ...# ......
#.....# ...###.......
[....+
.>.#...#....#####...#
##.+...+..........r.# ##
#.#...#........Kb..###...
#.............>@g.....#
##.....................#
.......................#
...............#.......#
.......#.......#.......#
.......#.......#.......#
.......#.#.....#.......#
.......#.#.....####+####
######.#.#####.#


You could see a hobgoblin, a bat (ally target), a kobold and a friendly quokka
(summoned).

Vanquished Creatures
  A dart slug (D:1)
  A hobgoblin (D:1)
  A ball python (D:1)
  A frilled lizard (D:1)
  A goblin (D:1)
5 creatures vanquished.

Notes
Turn   | Place    | Note
-------+----------+-------------------------------------------
     0 | D:1      | LynnLen the Felid Summoner began the quest for the Orb.
     0 | D:1      | Reached XP level 1. HP: 7/7 MP: 4/4
   257 | D:1      | Slain by a kobold

Illustrated notes

Levels and vault maps discovered:
D:1:      dpeg_arrival_solitude, layout_basic

Action                   || total
-------------------------++-------
Melee: Unarmed           ||    16
       Bite              ||     1
 Cast: Summon Small Mamm ||    12
Dodge: Dodged            ||    23

Table legend: (Time is in decaauts)
 A = Elapsed time spent in this place.
 B = Non-inter-level travel time spent in this place.
 C = Inter-level travel time spent in this place.
 D = Time resting spent in this place.
 E = Time spent auto-exploring this place.
 F = Levels seen in this place.
 G = Mean time per level.
                   A        B        C        D        E       F      G
               +--------+--------+--------+--------+--------+-----+--------+
         Total |    236 |    236 |      0 |     39 |    116 |   1 |  236.0 |
       Dungeon |    236 |    236 |      0 |     39 |    116 |   1 |  236.0 |
               +--------+--------+--------+--------+--------+-----+--------+

Top non-repeatable levels by time:
     D:1: 236 daAuts
